 Dungeon Crawl Stone Soup version 0.18.1-6-gd335043 (webtiles) character file.

158727 4thArraOfDagon the Executioner (level 16, 0/220 HPs)
             Began as a Minotaur Berserker on May 15, 2016.
             Was a High Priest of Trog.
             Slain by a griffon (1 damage)
             ... on level 15 of the Dungeon.
             The game lasted 01:09:21 (9730 turns).

4thArraOfDagon the Executioner (Minotaur Berserker) Turns: 9730, Time: 01:09:22

Health: 0/220      AC: 18    Str: 33    XL:     16   Next: 53%
Magic:  19/19      EV:  2    Int:  9    God:    Trog [*****.]
Gold:   874        SH:  0    Dex: 11    Spells: 0 memorised, 15 levels left

rFire  + . .     SeeInvis .     K - +8 broad axe (flame)
rCold  + . .     Gourm    .     u - +1 plate armour
rNeg   + + +     Faith    .     G - +3 buckler of the Wheelwright {rElec Int+5}
rPois  ∞         Spirit   .     (helmet restricted)
rElec  +         Dismiss  .     (no cloak)
rCorr  .         Reflect  +     (no gloves)
SustAt .         Harm     .     (no boots)
MR     ++...                    A - amulet "Gurchumodd" {Reflect +Blink rF+ rN+ MR+ SH+3}
Stlth  ..........               c - +2 ring of evasion
                                j - ring of protection from cold

@: berserking (expiring), petrified, flayed, very resistant to hostile
enchantments, extremely unstealthy
A: retaliatory headbutt, horns 2
a: Berserk, Trog's Hand, Brothers in Arms, Burn Spellbooks, Renounce Religion,
Evoke Blink
}: 2/15 runes: decaying, gossamer


You were on level 15 of the Dungeon.
You worshipped Trog.
Trog was extremely pleased with you.
You were not hungry.

You visited 5 branches of the dungeon, and saw 33 of its levels.
You also visited: Bailey and Volcano.

You collected 1578 gold pieces.
You spent 704 gold pieces at shops.

Inventory:

Hand Weapons
 z - a +3 antimagic battleaxe
 K - a +8 broad axe of flaming (weapon)
Missiles
 b - 5 throwing nets (quivered)
Armour
 d - a -1 plate armour
 i - the +7 scale mail of the Empire {Int+3}
   (You bought it in a shop on level 2 of the Orcish Mines)

   It affects your intelligence (+3).
 u - a +1 plate armour (worn)
 G - the +3 buckler of the Wheelwright (worn) {rElec Int+5}
   (You acquired it on level 8 of the Dungeon)

   It affects your intelligence (+5).
   It insulates you from electricity.
Jewellery
 c - a +2 ring of evasion (right hand)
 j - a ring of protection from cold (left hand)
 m - an uncursed ring of ice
 s - an uncursed amulet of dismissal
 v - an uncursed ring of resist corrosion
 A - the amulet "Gurchumodd" (around neck) {Reflect +Blink rF+ rN+ MR+ SH+3}
   (You found it on level 11 of the Dungeon)

   [amulet of reflection]

   It shields you and reflects attacks.
   It protects you from fire.
   It protects you from negative energy.
   It affects your resistance to hostile enchantments.
   It lets you blink.
   It affects your SH (+3).
 E - a +4 ring of dexterity
 J - an uncursed ring of stealth
 O - an uncursed ring of protection from magic
 U - an uncursed ring of poison resistance
Wands
 n - a wand of polymorph (13/24)
 r - a wand of digging (2/24)
 B - a wand of random effects (2/48)
 F - a wand of disintegration (7/24)
 M - a wand of hasting (8/9)
 N - a wand of disintegration (14/24)
 P - a wand of flame (18/48)
 R - a wand of teleportation (4/9)
 S - a wand of confusion (14/48)
 T - a wand of disintegration (13/24)
 W - a wand of lightning (5/15)
Scrolls
 g - 2 scrolls of remove curse
 k - 2 scrolls of enchant armour
 p - 5 scrolls of teleportation
 x - 2 scrolls of blinking
 H - a scroll of immolation
 Q - a scroll of magic mapping
 X - 6 scrolls of fog
Potions
 a - 2 potions of cancellation {unknown}
 f - 3 potions of ambrosia
 l - 3 potions of brilliance
 o - a potion of curing
 t - 3 potions of flight {unknown}
 I - 4 potions of magic {unknown}
 L - 7 potions of agility
 V - 2 potions of mutation {unknown}
 Y - 3 potions of resistance
 Z - 4 potions of degeneration {unknown}
Books
 e - a Necronomicon

   Spells                             Type                      Level
   a - Haunt                          Necromancy/Summoning         7
   b - Borgnjor's Revivification      Necromancy                   8
   c - Death's Door                   Charms/Necromancy            8
   d - Necromutation                  Transmutation/Necromancy     8
   Trog disapproves of the use of such an item.
 y - a Fen Folio

   Spells                             Type                      Level
   a - Corpse Rot                     Necromancy                   2
   b - Stone Arrow                    Conjuration/Earth            3
   c - Leda's Liquefaction            Hexes/Earth                  4
   d - Summon Forest                  Summoning/Translocation      5
   e - Hydra Form                     Transmutation                6
   f - Summon Hydra                   Summoning                    7
   Trog disapproves of the use of such an item.
 D - a book of Summonings

   Spells                             Type                      Level
   a - Recall                         Summoning/Translocation      3
   b - Aura of Abjuration             Summoning                    5
   c - Summon Demon                   Summoning                    5
   d - Summon Forest                  Summoning/Translocation      5
   e - Summon Mana Viper              Hexes/Summoning              5
   f - Shadow Creatures               Summoning                    6
   Trog disapproves of the use of such an item.
Miscellaneous
 q - a fan of gales
 w - an ornate deck of summoning
Comestibles
 h - 8 meat rations


   Skills:
 + Level 14.5 Fighting
 * Level 23.0 Axes
 + Level 17.5 Armour
 - Level 2.1 Dodging
 - Level 6.4 Shields
 - Level 6.4 Evocations


You had 15 spell levels left.
You didn't know any spells.

Dungeon Overview and Level Annotations

Branches:
Dungeon (15/15)              Lair (8/8) D:9           Swamp (4/4) Lair:3
 Spider (4/4) Lair:5        Slime (0/6) Lair:6          Orc (2/2) D:9
 Depths (0/5) D:15
 Temple: D:4-7          Elf: Orc:2       Vaults: D:13-14

Altars:
Makhleb
Okawaru
Ru
Trog
Beogh

Shops:
Orc:2 }=[}

Annotations:
D:11 exclusion: orange crystal statue
Lair:6 exclusion: downstairs


Innate Abilities, Weirdness & Mutations

You reflexively headbutt those who attack you in melee.
You have a pair of horns on your head.


Message History

The golden dragon skeleton stops moving altogether!
The griffon bites you but does no damage.
The griffon pecks you but does no damage.
The griffon claws you but does no damage.
The flayed ghost hits you!!
* * * LOW HITPOINT WARNING * * *
The griffon bites you but does no damage.
The griffon pecks you.
* * * LOW HITPOINT WARNING * * *
The griffon claws you but does no damage.
The flayed ghost hits you but does no damage.
The griffon bites you but does no damage.
The griffon pecks you but does no damage.
The griffon claws you!
* * * LOW HITPOINT WARNING * * *
The flayed ghost hits you but does no damage.
You feel yourself speed up.
The griffon bites you but does no damage.
The griffon pecks you.
You die...

......P.>......
...PP..8.....8..
#...........8.<
#.........8...#
#...8.........#
#......(....#
#..).o...P.##
#ZWH.....#
#.@)##... #..##
##..# ##...# #
#######....### .
#............##
..
#.............#
#.=
..###...#####.#
#... #..## .#
###....#


You could see a griffon, a flayed ghost, an orc warrior and a golden dragon
skeleton (petrified).

Vanquished Creatures
  5 ghost moths
  5 emperor scorpions (Spider:4)
  A spark wasp (Spider:4)
  An ettin (Orc:1)
  A fire dragon (Swamp:4)
  2 entropy weavers (Spider:4)
  13 hydras
  A ghost crab (Swamp:4)
  A catoblepas (D:15)
  A death knight (D:14)
  An ogre mage (Volcano)
  4 alligators
  8 death yaks
  11 orc high priests
  A wizard (D:15)
  A shambling mangrove (Swamp:4)
  2 skeletal warriors (D:15)
  13 swamp dragons
  A necromancer (D:15)
  3 hill giants
  11 orb spiders
  20 wolf spiders
  A deep elf mage (D:13)
  2 orc knights
  5 ugly things (Swamp:4)
  2 manticores
  7 hornets
  A cyclops (D:10)
  A black mamba (Lair:6)
  15 elephants
  A frost giant skeleton (D:15)
  Psyche (D:8)
  An ice statue (D:11)
  A torpor snail (Spider:1)
  An efreet (D:15)
  A gargoyle (D:14)
  An eye of devastation (Lair:6)
  8 spiny frogs
  4 komodo dragons
  A yaktaur (D:15)
  A rime drake (Lair:3)
  A freezing wraith (D:14)
  12 demonic crawlers
  6 trolls
  2 polar bears
  15 jumping spiders
  4 giant leeches
  3 two-headed ogres
  13 blink frogs
  2 bog bodies
  A boulder beetle (Lair:5)
  A deep troll zombie (D:15)
  7 slime creatures (Swamp:4)
  2 shadows
  A centaur simulacrum (D:14)
  2 wraiths
  30 redbacks
  A fire dragon skeleton (D:15)
  49 yaks
  23 tarantellas
  7 humans (D:9)
  6 hippogriffs
  8 vampire mosquitoes
  2 fire bats (Volcano)
  A steam dragon (Lair:6)
  Menkaure (D:5)
  2 hungry ghosts
  9 swamp worms
  5 wargs
  9 swamp drakes
  7 water moccasins
  15 orc warriors
  4 porcupines
  A phantom (D:7)
  An ice beast (D:9)
  6 wasps
  2 eyes of draining
  A necrophage (D:10)
  8 centaurs
  4 wolves (Lair:5)
  6 ogres
  9 crocodiles
  5 giant frogs
  4 big kobolds
  A wyvern zombie (D:13)
  9 gnoll sergeants
  A scorpion (Lair:5)
  5 killer bees
  2 howler monkeys
  3 wights (D:15)
  3 electric eels
  A lava snake (Volcano)
  3 crimson imps
  A giant frog zombie (D:8)
  9 hounds
  4 centaur zombies
  6 jellies
  10 orc wizards
  27 orc priests
  Jessica (D:9)
  6 gnoll shamans (Bailey)
  7 iguanas
  11 worker ants
  10 sheep
  A hound zombie (D:7)
  A hound skeleton (D:8)
  A worker ant zombie (D:9)
  21 gnolls
  5 adders
  16 river rats
  3 shadow imps
  An ooze (D:3)
  2 adder skeletons
  A worm (D:3)
  A dart slug (D:2)
  2 giant geckos
  86 orcs
  A ball python (D:3)
  11 giant cockroaches
  2 hobgoblins
  4 jackals
  10 kobolds
  2 quokkas
  A giant gecko skeleton (D:4)
  2 giant newts
  2 goblins
  4 rats
  A butterfly (D:7)
  A plant (Lair:5)
762 creatures vanquished.

Vanquished Creatures (collateral kills)
  2 hydras (Swamp:4)
  A swamp dragon (Swamp:4)
  A wolf spider (Spider:4)
  An orb spider (Spider:4)
  A jumping spider (Spider:4)
  A tarantella (Spider:4)
  A redback (Spider:4)
  2 vampire mosquitoes (Swamp:4)
  A porcupine (Lair:3)
  A crocodile (Lair:3)
12 creatures vanquished.

Vanquished Creatures (others)
  An alligator (Swamp:4)
  A water moccasin (Lair:6)
  9 withered plants (D:15)
11 creatures vanquished.

Grand Total: 785 creatures vanquished

Notes
Turn   | Place    | Note
--------------------------------------------------------------
     0 | D:1      | 4thArraOfDagon the Minotaur Berserker began the quest for the Orb.
     0 | D:1      | Reached XP level 1. HP: 19/19 MP: 0/0
    91 | D:1      | Reached XP level 2. HP: 27/27 MP: 1/1
    98 | D:1      | Reached skill level 4 in Axes
   325 | D:3      | Reached XP level 3. HP: 33/33 MP: 2/2
   343 | D:3      | Noticed a big kobold
   400 | D:3      | Killed a big kobold
   400 | D:3      | Reached skill level 5 in Axes
   400 | D:3      | Reached XP level 4. HP: 34/41 MP: 3/3
   402 | D:3      | Reached XP level 5. HP: 40/47 MP: 4/4
   402 | D:3      | Reached ** piety under Trog
   500 | D:5      | Entered Level 5 of the Dungeon
   511 | D:5      | Noticed Menkaure
   517 | D:5      | Killed Menkaure
   517 | D:5      | Reached skill level 5 in Fighting
   517 | D:5      | Reached skill level 6 in Axes
   517 | D:5      | Reached XP level 6. HP: 56/56 MP: 5/5
   751 | D:7      | Noticed an orc warrior
   754 | D:7      | Reached skill level 5 in Armour
   757 | D:7      | Reached skill level 7 in Axes
   760 | D:7      | Killed an orc warrior
   760 | D:7      | Reached XP level 7. HP: 62/62 MP: 6/6
   773 | D:7      | Found an iron altar of Okawaru.
   815 | D:7      | Noticed a hippogriff
   821 | D:7      | Killed a hippogriff
   821 | D:7      | Reached skill level 8 in Axes
   825 | D:7      | Found a runed door.
   864 | D:7      | Found a runed door.
   868 | D:7      | Reached XP level 8. HP: 68/71 MP: 7/7
   886 | D:7      | Reached *** piety under Trog
   886 | D:7      | Reached skill level 9 in Axes
   934 | D:7      | You fall through a shaft for 2 floors!
   937 | D:9      | Noticed Jessica
   985 | D:9      | Reached skill level 10 in Axes
  1008 | D:9      | Reached XP level 9. HP: 40/81 MP: 8/8
  1037 | D:9      | Killed Jessica
  1188 | D:10     | Entered Level 10 of the Dungeon
  1230 | D:10     | Found a roughly hewn altar of Beogh.
  1250 | D:10     | Reached skill level 11 in Axes
  1322 | D:10     | Reached **** piety under Trog
  1388 | D:11     | Noticed an ice statue
  1525 | D:11     | Killed an ice statue
  1529 | D:11     | Got a scorched platinum amulet
  1544 | D:11     | Reached skill level 12 in Axes
  1555 | D:11     | Identified the amulet "Gurchumodd" {Reflect +Blink rF+ rN+ MR+ SH+3} (You found it on level 11 of the Dungeon)
  1557 | D:11     | Noticed an orange crystal statue
  1560 | D:11     | aha
  1560 | D:11     | ok
  1602 | D:10     | Noticed a troll
  1607 | D:10     | Reached XP level 10. HP: 83/91 MP: 9/9
  1831 | D:13     | Reached skill level 10 in Fighting
  1866 | D:12     | Reached skill level 13 in Axes
  1975 | D:14     | Noticed a gargoyle
  1979 | D:14     | Killed a gargoyle
  2004 | D:14     | Reached skill level 10 in Armour
  2021 | D:14     | Found a flagged portal.
  2030 | Bailey   | Entered a bailey
  2192 | Bailey   | Reached ***** piety under Trog
  2373 | D:14     | Noticed a seven-headed hydra
  2409 | D:14     | Noticed a cyclops
  2434 | D:14     | Noticed a manticore
  2435 | D:14     | Reached skill level 14 in Axes
  2441 | D:14     | Killed a manticore
  2441 | D:14     | Reached XP level 11. HP: 17/101 MP: 8/10
  2566 | D:13     | Noticed a deep elf mage
  2569 | D:13     | Killed a deep elf mage
  2626 | D:13     | Noticed a catoblepas
  2792 | D:10     | Noticed a hill giant
  2795 | D:10     | Received a gift from Trog
  2797 | D:10     | Killed a hill giant
  2907 | D:9      | Received a gift from Trog
  2947 | D:9      | Found a sacrificial altar of Ru.
  3190 | D:8      | Found a bloodstained altar of Trog.
  3212 | D:8      | Identified a scroll of acquirement
  3213 | D:8      | Got a spiked buckler
  3219 | D:8      | Identified the +3 buckler of the Wheelwright {rElec Int+5} (You acquired it on level 8 of the Dungeon)
  3378 | D:8      | Reached skill level 1 in Shields
  3393 | D:8      | Noticed Psyche
  3399 | D:8      | Killed Psyche
  3399 | D:8      | Reached skill level 15 in Axes
  3437 | D:9      | Got a dazzling ring mail
  3458 | D:9      | Found a burning altar of Makhleb.
  3464 | D:9      | Got a fine robe
  3809 | D:8      | You fall through a shaft for 3 floors!
  3810 | D:11     | WTF
  3935 | D:9      | Found a staircase to the Lair.
  3945 | Lair:1   | Entered Level 1 of the Lair of Beasts
  4249 | Lair:3   | Identified the +5 ring mail of the Nexus {rF- Int+5} (You found it on level 9 of the Dungeon)
  4260 | Lair:4   | Noticed a six-headed hydra
  4319 | Lair:3   | Noticed a six-headed hydra
  4333 | Lair:3   | Killed a seven-headed hydra
  4333 | Lair:3   | Reached XP level 12. HP: 78/112 MP: 11/11
  4349 | Lair:3   | Noticed a six-headed hydra
  4360 | Lair:3   | Killed a 12-headed hydra
  4414 | Lair:5   | Found a hole to the Spider Nest.
  4482 | Lair:5   | Reached skill level 16 in Axes
  4531 | Lair:5   | Reached skill level 5 in Shields
  4547 | Lair:5   | Found a dark tunnel.
  4553 | Volcano  | Entered a volcano
  4635 | Volcano  | Found a radiant altar of Vehumet.
  4635 | Volcano  | Noticed an ogre mage
  4640 | Volcano  | Killed an ogre mage
  4673 | Lair:5   | Noticed a death yak
  4674 | Lair:5   | Noticed a death yak
  4674 | Lair:5   | Noticed a death yak
  4701 | Lair:5   | Killed a death yak
  4704 | Lair:5   | Killed a death yak
  4707 | Lair:5   | Killed a death yak
  4885 | Lair:5   | Reached skill level 17 in Axes
  4911 | Lair:6   | Received a gift from Trog
  4920 | Lair:6   | Found a staircase to the Slime Pits.
  4965 | Lair:6   | Reached XP level 13. HP: 94/119 MP: 7/12
  5083 | Lair:8   | Entered Level 8 of the Lair of Beasts
  5255 | Lair:8   | Reached skill level 18 in Axes
  5499 | Spider:1 | Entered Level 1 of the Spider Nest
  5560 | Spider:1 | Reached skill level 1 in Evocations
  5600 | Spider:1 | HP: 6/122 [redback[a torpor snail] (8)]
  5781 | Spider:1 | Reached skill level 19 in Axes
  5790 | Spider:1 | Killed a ghost moth
  5910 | Spider:2 | Reached XP level 14. HP: 129/129 MP: 15/15
  6077 | Spider:4 | Entered Level 4 of the Spider Nest
  6255 | Spider:4 | Noticed an emperor scorpion
  6280 | Spider:4 | Killed an emperor scorpion
  6374 | Spider:4 | Reached skill level 15 in Armour
  6427 | Spider:4 | Reached skill level 20 in Axes
  6510 | Spider:4 | Killed a ghost moth
  6538 | Spider:4 | Reached skill level 5 in Evocations
  6561 | Spider:4 | Killed a ghost moth
  6707 | Spider:4 | Noticed an emperor scorpion
  6742 | Spider:4 | Killed an emperor scorpion
  6785 | Spider:4 | Noticed an emperor scorpion
  6830 | Spider:4 | Killed an emperor scorpion
  6830 | Spider:4 | Reached XP level 15. HP: 65/135 MP: 18/18
  6992 | Spider:4 | Killed a ghost moth
  7046 | Spider:4 | Killed a ghost moth
  7054 | Spider:4 | Got a gossamer rune of Zot
  7129 | Spider:2 | Reached skill level 21 in Axes
  7471 | Lair:3   | Found a staircase to the Swamp.
  7496 | Swamp:1  | Entered Level 1 of the Swamp
  7876 | Swamp:4  | Entered Level 4 of the Swamp
  8342 | Swamp:4  | WTF
  8403 | Swamp:4  | Reached skill level 22 in Axes
  8473 | Swamp:4  | Noticed the 27-headed Lernaean hydra
  8479 | Swamp:4  | Noticed a fire dragon shaped Lernaean hydra
  8479 | Swamp:4  | the 27-headed Lernaean hydra changed into a fire dragon shaped Lernaean hydra
  8498 | Swamp:4  | Killed a fire dragon shaped Lernaean hydra
  8517 | Swamp:4  | Reached XP level 16. HP: 51/145 MP: 19/19
  8586 | Swamp:4  | Got a decaying rune of Zot
  8635 | Swamp:4  | Received a gift from Trog
  8784 | D:9      | lets go
  8804 | D:9      | Found a staircase to the Orcish Mines.
  8814 | Orc:1    | Entered Level 1 of the Orcish Mines
  8872 | Orc:2    | Entered Level 2 of the Orcish Mines
  8882 | Orc:2    | Found Cucun's Antique Armour Boutique.
  8922 | Orc:2    | Found Syrhea's Gadget Emporium.
  8995 | Orc:2    | Found a roughly hewn altar of Beogh.
  9006 | Orc:2    | Found Someud's Jewellery Emporium.
  9027 | Orc:2    | Found Ushrihorr's Gadget Boutique.
  9080 | Orc:2    | Bought a glowing plate armour for 506 gold pieces
  9080 | Orc:2    | Bought a translucent scale mail for 198 gold pieces
  9094 | Orc:2    | Identified the +7 scale mail of the Empire {Int+3} (You bought it in a shop on level 2 of the Orcish Mines)
  9420 | D:15     | Entered Level 15 of the Dungeon
  9661 | D:15     | WYTF
  9694 | D:15     | Found a staircase to the Depths.
  9707 | D:15     | Reached skill level 23 in Axes
  9727 | D:15     | HP: 4/220 [flayed ghost (9)]
  9729 | D:15     | HP: 1/220 [griffon (3)]
  9730 | D:15     | Slain by a griffon

Skill      XL: |  1  2  3  4  5  6  7  8  9 10 11 12 13 14 15 16 |
---------------+-------------------------------------------------+-----
Axes           | 4 5 6 7 8 10 12 14 15 17 19 20 22 23 | 23.0
Fighting       | 4 5 6 8 9 10 11 12 13 14 | 14.5
Armour         | 3 4 5 6 7 9 10 11 12 14 15 16 17 | 17.5
Shields        | 4 6 |  6.4
Evocations     | 2 5 6 |  6.4
Dodging        | |  2.1

Action                   |  1- 3 |  4- 6 |  7- 9 | 10-12 | 13-15 | 16-18 || total
-------------------------+-------+-------+-------+-------+-------+-------++-------
Melee: Hand axe          |    53 |    28 |   177 |       |       |       ||   258
       Headbutt          |     9 |     6 |    48 |   129 |   211 |    43 ||   446
       Battleaxe         |       |       |    20 |   181 |       |       ||   201
       War axe           |       |       |    13 |       |       |       ||    13
       Broad axe         |       |       |       |   251 |   904 |   233 ||  1388
Invok: Berserk           |     3 |     4 |     7 |    18 |    19 |     4 ||    55
       Trog's Hand       |       |       |     5 |    21 |    44 |    14 ||    84
       Brothers in Arms  |       |       |       |     1 |     4 |     1 ||     6
Evoke: Wand              |       |       |     2 |     5 |    16 |     4 ||    27
       Fan of gales      |       |       |       |       |     2 |       ||     2
  Use: Potion            |     2 |       |     1 |       |     8 |       ||    11
       Scroll            |       |       |       |    19 |    11 |     4 ||    34
 Stab: Petrifying        |       |       |       |       |       |     1 ||     1
  Eat: Chunk             |       |     6 |    12 |    25 |    13 |       ||    56
       Fruit             |       |       |       |    10 |     6 |       ||    16
       Bread ration      |       |       |       |       |     6 |     2 ||     8
       Pizza             |       |       |       |       |     1 |       ||     1
Armor: Animal skin       |     1 |       |       |       |       |       ||     1
       Chain mail        |    26 |    20 |    67 |       |       |       ||   113
       Plate armour      |       |       |    22 |   266 |   469 |   122 ||   879
Dodge: Dodged            |    32 |    12 |   116 |   194 |   280 |    72 ||   706
Block: Other             |       |       |       |    35 |       |       ||    35
       Reflection        |       |       |       |     6 |       |     7 ||    13
       Buckler           |       |       |       |   134 |   430 |   131 ||   695
